 Dungeon Crawl Stone Soup version 0.18-a0-1774-gce1f7b6 (webtiles) character file.

10130 epen the Carver (level 11, 0/97 HPs)
             Began as a Naga Gladiator on Apr 15, 2016.
             Was a High Priest of Okawaru.
             Slain by an ice beast (13 damage)
             ... on level 1 of the Lair of Beasts.
             The game lasted 00:40:01 (15473 turns).

epen the Carver (Naga Gladiator)                   Turns: 15473, Time: 00:40:02

Health: 0/97       AC: 14    Str: 25    XL:     11   Next: 57%
Magic:  13/16      EV: 13    Int:  9    God:    Okawaru [*****.]
Gold:   523        SH:  8    Dex: 15    Spells: 0 memorised, 10 levels left

rFire  . . .     SeeInvis +     c - +3 long sword
rCold  . . .     Gourm    .     g - +0 plate armour
rNeg   . . .     Faith    .     C - +0 buckler
rPois  +         Spirit   .     (helmet restricted)
rElec  .         Dismiss  .     s - +1 cloak
rCorr  .         Reflect  +     P - +0 pair of gloves {Dex+3}
SustAt .         Harm     .     (no barding)
MR     +....                    x - +3 amulet of reflection
Stlth  ..........               H - +4 ring of evasion
                                G - +5 ring of strength

@: finesse, very slightly contaminated, very slow, somewhat resistant to hostile
enchantments, extremely unstealthy
A: horns 1, see invisible, deformed body, poison resistance, slowness 2, slow
metabolism 1, spit poison 2, wild magic 1, evolution 2, MP-powered wands, AC +3
a: Spit Poison, Heroism, Finesse, Renounce Religion


You were on level 1 of the Lair of Beasts.
You worshipped Okawaru.
Okawaru was extremely pleased with you.
You were not hungry.

You visited 3 branches of the dungeon, and saw 12 of its levels.
You also visited: Ossuary.

You collected 684 gold pieces.
You spent 161 gold pieces at shops.

Inventory:

Hand Weapons
 a - a +0 long sword
 c - a +3 long sword (weapon)
 i - a +3 dagger of flaming
 N - a +1 dagger of venom
 S - a +0 dagger of protection
Missiles
 d - 4 throwing nets (quivered)
Armour
 b - a +0 leather armour
 g - a +0 plate armour (worn)
 l - a +0 shield
 s - a +1 cloak (worn)
 C - a +0 buckler (worn)
 K - a gold dragon hide
 P - a +0 pair of gloves of dexterity (worn)
Jewellery
 q - an uncursed amulet of dismissal
 r - a +5 ring of dexterity
 t - an uncursed ring of protection from fire
 w - an uncursed ring of flight
 x - a +3 amulet of reflection (around neck)
 G - a +5 ring of strength (left hand)
 H - a +4 ring of evasion (right hand)
Wands
 B - a wand of random effects (48/48)
 Q - a wand of slowing (27/48)
 T - a wand of iceblast (6/15)
 U - a wand of lightning (0/15)
Scrolls
 e - 2 scrolls of magic mapping
 y - a scroll of fear
 z - a scroll of enchant weapon
 A - 6 scrolls of remove curse
 E - 2 scrolls of recharging
Potions
 h - 7 potions of flight
 j - 2 potions of brilliance
 m - 3 potions of cancellation
 o - a potion of invisibility
 J - a potion of degeneration {unknown}
 L - a potion of lignification
 M - 2 potions of magic {unknown}
 O - 2 potions of might {unknown}
 R - a potion of mutation {unknown}
 V - a potion of agility {unknown}
Books
 u - a book of Minor Magic

   Spells                             Type                      Level
   a - Magic Dart                     Conjuration                  1
   b - Blink                          Translocation                2
   c - Call Imp                       Summoning                    2
   d - Repel Missiles                 Charms/Air                   2
   e - Slow                           Hexes                        2
   f - Conjure Flame                  Conjuration/Fire             3
   g - Mephitic Cloud                 Conjuration/Poison/Air       3
 D - a book of Summonings

   Spells                             Type                      Level
   a - Recall                         Summoning/Translocation      3
   b - Aura of Abjuration             Summoning                    5
   c - Summon Demon                   Summoning                    5
   d - Summon Forest                  Summoning/Translocation      5
   e - Summon Mana Viper              Hexes/Summoning              5
   f - Shadow Creatures               Summoning                    6
 F - a book of the Tempests

   Spells                             Type                      Level
   a - Static Discharge               Conjuration/Air              3
   b - Lightning Bolt                 Conjuration/Air              5
   c - Fireball                       Conjuration/Fire             5
   d - Tornado                        Air                          9
   e - Shatter                        Earth                        9
 I - a book of Dreams

   Spells                             Type                      Level
   a - Ensorcelled Hibernation        Hexes/Ice                    2
   b - Silence                        Hexes/Air                    5
   c - Darkness                       Hexes                        6
   d - Shadow Creatures               Summoning                    6
Comestibles
 f - 4 bread rations
 k - 6 meat rations
 n - 5 fruits
 p - a chunk of flesh


   Skills:
 + Level 6.1 Fighting
 * Level 10.0 Long Blades
 - Level 1.7 Throwing
 * Level 5.2 Armour
 + Level 8.2 Dodging
 - Level 3.7 Stealth
 - Level 3.0 Shields
 * Level 7.6 Invocations


You had 10 spell levels left.
You didn't know any spells.

Dungeon Overview and Level Annotations

Branches:
Dungeon (10/15)            Temple (1/1) D:5            Lair (1/8) D:9
    Orc (0/2) D:10

Altars:
Ashenzari
Cheibriados
Dithmenos
Elyvilon
Fedhas
Gozag
Kikubaaqudgha
Makhleb
Nemelex Xobeh
Okawaru
Pakellas
Qazlal
Ru
Sif Muna
Trog
Vehumet
Xom
Yredelemnul
Zin
The Shining One

Shops:
D:8 [

Portals:
Ice
Cave: Lair:1


Innate Abilities, Weirdness & Mutations

You cannot wear boots.
Your serpentine skin is tough (AC +3).
You have supernaturally acute eyesight.
Armour fits poorly on your strangely shaped body.
Your system is resistant to poisons.
You cover ground very slowly.
You have a slow metabolism.
You can spit poison.
You have a pair of small horns on your head.
Your spells are a little harder to cast, but a little more powerful.
You rapidly evolve.
You expend magic power (3 MP) to strengthen your wands.


Message History

You hit the wolf. Your headbutt misses the wolf.
The wolf is almost dead.
You block the wolf's attack.
You slash the wolf!
You kill the wolf!
Okawaru accepts your kill.
Your base Long Blades skill increases to level 10!
You flicker back into view.
You hear the steady crackling of a distant melting archway.
The wolf closely misses you.
You slice the wolf!!
The wolf is severely wounded.
You slash the wolf!
You kill the wolf!
Okawaru accepts your kill.
You feel like a meek peon again.
You hit the ice beast but do no damage. The ice beast hits you.
* * * LOW HITPOINT WARNING * * *
The ice beast freezes you!
You die...

##...#.#.....###...##.....#......
........#...#....................
...............................!.
........[......##..#.............
..........†...##.8.##.........!..
............#....................
##P#####.....#.8.>.8#............
*##* #..).###.Y...##...........
#.....###@..####..........
*******#.....#*##+##* ##<........
*,**,,#......#,.....#* #†........
*,,,,,.....$..,..8...###.........
,,,,,,....,*,,,.......#......[.##
,,,,,>,*,,,*,,8..8..8........##.#
,,,,,,**,*,,,,,.........##..##*##
,,,,,,****,,,,,..8.......####
*,,,,,***,,,,,,...........#*


You could see an ice beast.

Vanquished Creatures
  A centaur warrior (D:8)
  A cyclops (D:8)
  A black mamba (Lair:1)
  The ghost of AmuletOfHam the Cleaver, a novice MiBe of Trog (D:5)
  A spiny frog (Lair:1)
  A kobold demonologist (D:8)
  3 trolls
  2 blink frogs (Lair:1)
  5 yaks
  A wyvern (D:8)
  A vampire (D:9)
  A basilisk (D:8)
  2 hungry ghosts
  A porcupine (Lair:1)
  A water moccasin (D:9)
  3 sky beasts
  A wasp (D:8)
  5 ice beasts
  A necrophage (D:8)
  5 ogres
  2 black bears
  6 orc warriors
  2 phantoms
  An eye of draining (D:9)
  2 wolves (Lair:1)
  3 centaurs
  A crocodile (Lair:1)
  6 giant frogs
  2 elf zombies (Ossuary)
  2 jellies (D:9)
  6 scorpions
  3 wights (D:10)
  7 crimson imps
  A giant frog zombie (D:7)
  A quasit (D:8)
  3 centaur zombies
  3 hounds
  A giant frog skeleton (D:4)
  2 centaur skeletons (D:8)
  An orc priest (D:3)
  A human zombie (Ossuary)
  4 iguanas
  3 orc wizards
  6 worker ants
  A killer bee zombie (D:7)
  2 mummies (Ossuary)
  2 worker ant zombies
  Robin (D:2)
  A howler monkey zombie (D:7)
  11 adders
  7 gnolls
  2 river rats (D:9)
  3 shadow imps
  An ooze (D:3)
  3 adder skeletons
  3 adder zombies (Ossuary)
  5 worms
  2 dart slugs
  5 giant geckos
  28 orcs
  3 ball pythons
  10 bats
  5 giant cockroaches
  14 hobgoblins
  4 jackals (D:2)
  6 kobolds
  12 quokkas
  A ball python skeleton (D:6)
  4 giant newts
  23 goblins
  A goblin zombie (Ossuary)
  12 hobgoblin zombies (Ossuary)
  3 jackal zombies (Ossuary)
  7 kobold zombies (Ossuary)
  6 orc zombies (Ossuary)
  A quokka zombie (D:5)
  30 rats
  A rat zombie (Ossuary)
327 creatures vanquished.

Vanquished Creatures (others)
  A wizard (D:5)
  A centaur (D:9)
  27 fungi
  6 plants
35 creatures vanquished.

Grand Total: 362 creatures vanquished

Notes
Turn   | Place    | Note
--------------------------------------------------------------
     0 | D:1      | epen the Naga Gladiator began the quest for the Orb.
     0 | D:1      | Reached XP level 1. HP: 19/19 MP: 1/1
    88 | D:1      | Reached XP level 2. HP: 16/26 MP: 2/2
   489 | D:1      | Reached XP level 3. HP: 22/32 MP: 3/3
   622 | D:1      | Reached skill level 1 in Stealth
  1463 | D:2      | Reached XP level 4. HP: 39/39 MP: 4/4
  1651 | D:2      | Reached skill level 4 in Long Blades
  1912 | D:2      | Found a deep blue altar of Sif Muna.
  2093 | D:2      | Noticed Robin
  2211 | D:2      | Killed Robin
  2695 | D:3      | Reached XP level 5. HP: 33/45 MP: 5/5
  3661 | D:3      | Reached XP level 6. HP: 38/52 MP: 6/6
  4139 | D:2      | You fall through a shaft for 2 floors!
  4181 | D:4      | Found a shimmering altar of Xom.
  4183 | D:4      | Found an oddly glowing altar of Pakellas.
  4183 | D:4      | Found a radiant altar of Vehumet.
  4183 | D:4      | Found a stormy altar of Qazlal.
  4238 | D:4      | Found a sand-covered staircase.
  4244 | Ossuary  | Entered an ossuary
  4328 | Ossuary  | Reached skill level 5 in Long Blades
  4766 | Ossuary  | Reached skill level 1 in Shields
  4984 | Ossuary  | Reached XP level 7. HP: 40/61 MP: 7/7
  5312 | D:4      | Found a shadowy altar of Dithmenos.
  5314 | D:4      | Found a white marble altar of Elyvilon.
  5597 | D:4      | Reached skill level 1 in Armour
  6468 | D:5      | Entered Level 5 of the Dungeon
  6578 | D:5      | Noticed AmuletOfHam's ghost (novice MiBe)
  6629 | D:5      | Killed AmuletOfHam's ghost
  6629 | D:5      | Reached skill level 6 in Long Blades
  6629 | D:5      | Reached skill level 5 in Dodging
  6629 | D:5      | Reached XP level 8. HP: 69/69 MP: 8/8
  6681 | D:5      | Found a snail-covered altar of Cheibriados.
  7324 | D:5      | Found a staircase to the Ecumenical Temple.
  7337 | Temple   | Entered the Ecumenical Temple
  7453 | Temple   | Became a worshipper of Warmaster Okawaru
  7640 | D:5      | Found a bloodstained altar of Trog.
  7641 | D:5      | Noticed a wizard
  7645 | D:5      | Killed a wizard
  7885 | D:6      | Reached skill level 7 in Long Blades
  7999 | D:6      | Reached skill level 1 in Invocations
  7999 | D:6      | Reached XP level 9. HP: 64/78 MP: 8/10
  8013 | D:6      | Gained mutation: You expend magic power (3 MP) to strengthen your wands. [mutagenic meat]
  8014 | D:6      | Gained mutation: You evolve. [mutagenic meat]
  8146 | D:6      | Reached * piety under Okawaru
  8273 | D:6      | Found a basalt altar of Yredelemnul.
  9437 | D:7      | Gained mutation: You rapidly evolve. [evolution]
  9490 | D:7      | Reached ** piety under Okawaru
  9490 | D:7      | Reached skill level 8 in Long Blades
  9629 | D:7      | Found a sacrificial altar of Ru.
 10461 | D:8      | Found Elinix's Armour Shop.
 10467 | D:8      | Bought a +0 pair of gloves of dexterity for 161 gold pieces
 10527 | D:8      | Gained mutation: Your spells are a little harder to cast, but a little more powerful. [evolution]
 11001 | D:8      | Reached XP level 10. HP: 86/87 MP: 13/13
 11375 | D:8      | Noticed a cyclops
 11381 | D:8      | Killed a cyclops
 11381 | D:8      | Reached *** piety under Okawaru
 11381 | D:8      | Reached skill level 5 in Fighting
 11456 | D:8      | Noticed a centaur warrior
 11463 | D:8      | Killed a centaur warrior
 11463 | D:8      | Reached skill level 5 in Invocations
 11464 | D:8      | Noticed a kobold demonologist
 11474 | D:8      | Killed a kobold demonologist
 11474 | D:8      | Reached **** piety under Okawaru
 11510 | D:8      | Reached skill level 9 in Long Blades
 11632 | D:8      | Gained mutation: You have a pair of small horns on your head. [evolution]
 11730 | D:8      | Received a gift from Okawaru
 11747 | D:8      | Gained mutation: You are frail (-10% HP). [mutagenic meat]
 13346 | D:9      | Lost mutation: You are frail (-10% HP). [evolution]
 13474 | D:9      | Reached XP level 11. HP: 51/97 MP: 15/15
 14337 | D:9      | Found a staircase to the Lair.
 14615 | D:10     | Entered Level 10 of the Dungeon
 14873 | D:10     | Found a staircase to the Orcish Mines.
 14921 | D:10     | Noticed a hill giant
 15133 | Lair:1   | Entered Level 1 of the Lair of Beasts
 15284 | Lair:1   | Reached ***** piety under Okawaru
 15284 | Lair:1   | Reached skill level 5 in Armour
 15415 | Lair:1   | Found a frozen archway.
 15461 | Lair:1   | Reached skill level 10 in Long Blades
 15473 | Lair:1   | Slain by an ice beast

Vault maps used:
D:1:      erik_arrival_orb_chamber
D:2:      nicolae_overflow_crystal_walls, first_bread, uniq_robin
D:4:      grunt_temple_overflow_open, nicolae_ossuary_entry_plus
D:5:      lemuel_crystal_altar, temple_green, trog_wizard
D:6:      basic_altar
D:7:      nicolae_ru_the_path_less_chosen
D:8:      hangedman_cross_veins, serial_shops, shop
D:9:      due_lair_maze_entry_diamond
D:10:     lemuel_castle_with_subvaults, minmay_orc_entry_temple_large,
          serial_shops, nicolae_shop_window_shopping, uniq_maud, uniq_erolcha,
          uniq_gastronok, uniq_urug
Temple:   eino_temple_water_12
Lair:1:   minmay_lair_oklob_tunnel, portal_ice_cave_entry_ice_beasts,
          serial_forest, infiniplex_forest_lined_2,
          infiniplex_forest_lined_corner, infiniplex_forest_lined_ring,
          infiniplex_forest_clump_small, infiniplex_forest_corner_2,
          infiniplex_forest_zigzag_1, infiniplex_forest_lined_3,
          serial_bayou_pond_d, grunt_megastairs_3
Ossuary:  ossuary_tomb_1

Skill      XL: |  1  2  3  4  5  6  7  8  9 10 11 |
---------------+----------------------------------+-----
Stealth        | 1 2 3 |  3.7
Dodging        | 3 4 5 6 7 8 |  8.2
Long Blades    | 4 5 6 7 8 9 10 | 10.0
Shields        | 1 2 3 |  3.0
Armour         | 1 2 3 4 5 |  5.2
Fighting       | 3 4 5 6 |  6.1
Invocations    | 1 4 6 7 |  7.6
Throwing       | |  1.7

Action                   |  1- 3 |  4- 6 |  7- 9 | 10-12 || total
-------------------------+-------+-------+-------+-------++-------
Melee: Long sword        |   133 |    91 |       |    68 ||   292
       Dagger            |       |   284 |   789 |   680 ||  1753
       Unarmed           |       |       |    29 |     1 ||    30
       Headbutt          |       |       |       |   217 ||   217
Invok: Heroism           |       |       |       |     8 ||     8
       Finesse           |       |       |       |     1 ||     1
 Abil: Spit Poison       |     1 |    13 |    14 |    23 ||    51
Evoke: Wand              |       |       |       |     3 ||     3
  Use: Scroll            |     3 |     5 |    12 |     7 ||    27
       Potion            |       |     3 |     5 |     6 ||    14
 Stab: Sleeping          |       |     7 |     4 |       ||    11
       Distracted        |       |     1 |     1 |       ||     2
       Invisible         |       |       |       |     2 ||     2
  Eat: Chunk             |     1 |     7 |    13 |    11 ||    32
       Bread ration      |       |     1 |     1 |       ||     2
       Fruit             |       |       |     2 |       ||     2
       Royal jelly       |       |       |     1 |       ||     1
       Beef jerky        |       |       |       |     1 ||     1
       Meat ration       |       |       |       |     1 ||     1
Armor: Leather armour    |    35 |     2 |       |       ||    37
       Ring mail         |       |    28 |       |       ||    28
       Animal skin       |       |    67 |    63 |       ||   130
       Skin              |       |       |    21 |     5 ||    26
       Plate armour      |       |       |   134 |   273 ||   407
Dodge: Dodged            |    75 |   176 |   313 |   343 ||   907
Block: Buckler           |       |    16 |   157 |   277 ||   450
       Reflection        |       |       |       |    16 ||    16
